 Dungeon Crawl Stone Soup version 0.31-a0-692-gf03d1854d5 (webtiles) character file.

Game seed: 2828475429591298413

38 Essalna the Conjurer (level 3, 0/24 HPs)
             Began as a Demonspawn Conjurer on Sept 7, 2023.
             Killed from afar by Robin (11 damage)
             ... with a puff of flame
             ... on level 2 of the Dungeon.
             The game lasted 00:01:31 (1084 turns).

Essalna the Conjurer (Demonspawn Conjurer)          Turns: 1084, Time: 00:01:31

Health: 0/24       AC:  2    Str:  7    XL:     3   Next: 25%
Magic:  3/16       EV: 12    Int: 21    God:
Gold:   53         SH:  0    Dex: 11    Spells: 4/7 levels left

rFire   . . .        f - +0 dagger
rCold   . . .        (no shield)
rNeg    . . .        a - +0 robe
rPois   .            (no helmet)
rElec   .            (no cloak)
rCorr   .            (no gloves)
SInv    .            (no boots)
Will    .....        d - amulet of regeneration
Stlth   ++           j - ring of magical power
HPRegen 1.04/turn    (no ring)
MPRegen 0.15/turn

%: no passive effects
@: no status effects
A: demonic guardian 1, powered by pain 1
a: no special abilities


You were on level 2 of the Dungeon.
You visited 1 branch of the dungeon, and saw 2 of its levels.

You collected 53 gold pieces.

Inventory:

Hand Weapons
 f - a +0 dagger (weapon)
Armour
 a - a +0 robe (worn)
Jewellery
 d - an amulet of regeneration (around neck)
 j - a ring of magical power (left hand)
Scrolls
 c - a scroll of brand weapon {unknown}
 e - 2 scrolls of identify {unknown}
 h - a scroll of amnesia {unknown}
 k - a scroll of immolation {unknown}
 l - a scroll of fear {unknown}
Potions
 b - a potion of magic
 g - 2 potions of berserk rage {unknown}
 i - a potion of curing {unknown}


   Skills:
 - Level 1.7 Dodging
 - Level 1.7 Stealth
 + Level 2.8 Spellcasting
 + Level 4.6 Conjurations


You had 4 spell levels left.
You knew the following spells:

 Your Spells              Type           Power      Damage    Failure   Level
a - Magic Dart            Conj           88%        1d7       1%          1
b - Searing Ray           Conj           44%        2d6       3%          2

Your spell library contained the following spells:

 Spells                   Type           Power      Damage    Failure   Level
 Dazzling Flash           Conj/Hex       24%        N/A       16%         3
 Fulminant Prism          Conj/Hex       6%         3d7       45%         4
 Iskenderun's Mystic Bla  Conj/Tloc      12%        2d5       45%         4


Dungeon Overview and Level Annotations

Branches:
Dungeon (2/15)

Altars:

Annotations:
D:1 1 runed translucent door
D:2 Robin


Innate Abilities, Weirdness & Mutations

A weak demonic guardian rushes to your aid.
You sometimes gain a little power by taking damage.


Message History

The magic dart hits the hobgoblin but does no damage.
The hobgoblin barely misses you.
The magic dart hits the hobgoblin.
The hobgoblin is lightly wounded.
Robin of the Strong Arm comes into view.
They are wielding a +0 short sword and carrying a wand of flame.
The hobgoblin closely misses you.
The magic dart hits the hobgoblin!
You kill the hobgoblin!
Robin roars a battlecry!
The goblin goes into a battle-frenzy!
The magic dart hits the goblin.
The goblin is severely wounded.
The goblin hits you with a +0 club.
The magic dart hits the goblin.
You kill the goblin!
Robin zaps a wand.
The puff of flame hits you!
A demonic guardian appears!
A goblin comes into view. It is wielding a +0 dagger.
You are too injured to fight recklessly!
You are too injured to fight recklessly!
Casting: Magic Dart (safe; 1% risk of failure)
Confirm with . or Enter, or press ? or * to list all spells.
Aiming: Searing Ray (safe; 3% risk of failure)
Press: ? - help, Shift-Dir - straight line, f - Robin
Aim: Robin, wielding a +0 short sword, wearing a +0 animal skin, wearing a +0 helmet and carrying a wand of flame (ally target, 84% to hit)
The searing ray misses Robin. (Press . to maintain the ray.)
The goblin shouts!
Robin throws the goblin at you! The goblin barely misses you.
The searing ray hits Robin!
Robin is heavily wounded.
Robin zaps a wand.
The puff of flame misses you. The goblin misses you.
A goblin comes into view. It is wielding a +0 club.
The searing ray hits Robin.
Robin is almost dead.
The goblin shouts!
The goblin hits you with a +0 dagger.
Robin says, "My goblins will feast on your bones."
Robin zaps a wand.
The puff of flame hits you!
You die...
Robin lets out a smug laugh.

..# .....#. #
#.##..## .# #.##...
######.# #.##..#
#gg).g.# #.##..#
#@#####.##..#
#5......##..#
#..........)#
#...#.########.#
##.##.# #.# #.##.#
#.###### #.##)#
#......#
#.##.########.####..
#.##..........#.....


You could see Robin (ally target), 2 goblins and a friendly shadow imp
(summoned).

Vanquished Creatures
  An adder (D:2)
  A worm (D:2)
  2 ball pythons (D:1)
  An endoplasm (D:2)
  A giant cockroach (D:1)
  4 hobgoblins (D:2)
  3 kobolds
  2 bats (D:1)
  3 frilled lizards
  5 goblins
  A rat (D:1)
24 creatures vanquished.

Notes
Turn   | Place    | Note
-------+----------+-------------------------------------------
     0 | D:1      | Essalna the Demonspawn Conjurer began the quest for the
                  | Orb.
     0 | D:1      | Reached XP level 1. HP: 13/13 MP: 3/3
     1 | D:1      | Found a runed translucent door.
     2 | D:1      | Noticed a jelly
     3 | D:1      | Noticed a jelly
   425 | D:1      | Gained mutation: A weak demonic guardian rushes to your
                  | aid. [demonic ancestry]
   425 | D:1      | Reached XP level 2. HP: 19/19 MP: 3/5
   889 | D:2      | Learned a level 2 spell: Searing Ray
   962 | D:2      | Gained mutation: You sometimes gain a little power by
                  | taking damage. [demonic ancestry]
   962 | D:2      | Reached XP level 3. HP: 22/24 MP: 7/7
  1078 | D:2      | Noticed Robin
  1084 | D:2      | Killed from afar by Robin

Illustrated notes

Levels and vault maps discovered:
D:1:      dpeg_arrival_caged_fury, layout_rooms
D:2:      layout_loops_ring, chequers_big_river, minmay_between, uniq_robin

Action                     || total
---------------------------++-------
  Melee: Unarmed           ||    18
         Punch             ||     1
   Cast: Magic Dart        ||    43
         Searing Ray       ||     1
 Armour: Robe              ||    26
  Dodge: Dodged            ||    29

Table legend: (Time is in decaauts)
 A = Elapsed time spent in this place.
 B = Non-inter-level travel time spent in this place.
 C = Inter-level travel time spent in this place.
 D = Time resting spent in this place.
 E = Time spent auto-exploring this place.
 F = Levels seen in this place.
 G = Mean time per level.
                   A        B        C        D        E       F      G
               +--------+--------+--------+--------+--------+-----+--------+
         Total |   1082 |   1079 |      3 |      0 |    951 |   2 |  541.0 |
       Dungeon |   1082 |   1079 |      3 |      0 |    951 |   2 |  541.0 |
               +--------+--------+--------+--------+--------+-----+--------+

Top non-repeatable levels by time:
     D:1: 582 daAuts
     D:2: 500 daAuts
